 Dungeon Crawl Stone Soup version 0.20-a0-949-g916514f (webtiles) character file.

62 M4edhros the Poker (level 3, -1/29 HPs)
             Began as a Mummy Chaos Knight on Apr 4, 2017.
             Slain by a killer bee (2 damage)
             ... on level 1 of the Dungeon.
             The game lasted 00:01:18 (7015 turns).

M4edhros the Poker (Mummy Chaos Knight)             Turns: 7015, Time: 00:01:19

Health: -1/29      AC:  6    Str: 15    XL:     3   Next: 85%
Magic:  3/3        EV: 11    Int: 11    God:    Xom [*.....]
Gold:   30         SH:  0    Dex: 12    Spells: 2/2 levels left

rFire    x . .     SeeInvis .   a - +0 spear (chaos)
rCold    + . .     Gourm    .   (no shield)
rNeg     + + +     Faith    .   b - +2 leather armour
rPois    ∞         Spirit   .   (no helmet)
rElec    .         Reflect  .   f - +0 cloak
rCorr    .         Harm     .   (no gloves)
MR       .....                  (no boots)
Stlth    +.........             (no amulet)
Regen    0.1/turn               (no ring)
MPRegen  0.1/turn               (no ring)

@: no status effects
A: no food or potions, fire vulnerability, cold resistance 1, negative energy
resistance 3, torment resistance, unbreathing
a: Renounce Religion


You were on level 1 of the Dungeon.
You worshipped Xom.
You were a special plaything of Xom.
You were not hungry.

You visited 1 branch of the dungeon, and saw 1 of its levels.

You collected 30 gold pieces.

Inventory:

Hand Weapons
 a - a +0 spear of chaos (weapon)
Missiles
 g - 8 curare-tipped needles
Armour
 b - a +2 leather armour (worn)
 f - a +0 cloak (worn)
Scrolls
 c - 2 scrolls of magic mapping {unknown}
 d - a scroll of immolation {unknown}
 e - a scroll of enchant armour {unknown}
Books
 h - a book of Air

   Spells                             Type                      Level
   a - Shock                          Conjuration/Air              1
   b - Swiftness                      Charms/Air                   2
   c - Static Discharge               Conjuration/Air              3
   d - Airstrike                      Air                          4
   e - Lightning Bolt                 Conjuration/Air              5


   Skills:
 - Level 3.0 Fighting
 + Level 4.0 Polearms
 - Level 1.5 Armour
 - Level 0.7 Dodging


You had 2 spell levels left.
You didn't know any spells.

Dungeon Overview and Level Annotations

Branches:
Dungeon (1/15)

Altars:


Innate Abilities, Weirdness & Mutations

You do not eat or drink.
Your flesh is vulnerable to fire.
You are immune to poison.
Your flesh is cold resistant. (rC+)
You are immune to negative energy. (rN+++)
You are immune to unholy pain and torment.
You can survive without breathing.


Message History

The killer bee stings you but does no damage.
You closely miss the killer bee.
The killer bee is moderately wounded.
The killer bee stings you.
You hit the killer bee.
The killer bee seems to speed up.
Xom is mildly amused.
The killer bee is moderately wounded.
The killer bee is no longer moving slowly.
The killer bee stings you. The killer bee stings you!
You are too injured to fight recklessly!
You are too injured to fight recklessly!
You are too injured to fight recklessly!
You are too injured to fight recklessly!
You miss the killer bee.
The killer bee is moderately wounded.
The killer bee stings you!
* * * LOW HITPOINT WARNING * * *
The killer bee stings you.
You die...
Xom roars with laughter!

####### #≈≈.≈.≈≈#.#
#########≈.≈≈≈.≈#.#
#......###'###'##.#
#.####.##...#..#..#####
#.#.......#b..........#
###......##...#########.#
.........###.## #.#
####.....###.####### #.#
##...###..)(y@>.# #.#
##.#####.#####.# #.#
#.#.##### #.# #.# #..#.#
#.# #.# ###.## #.## #.#
#.# #..# #.# #.# ###..#
#.# #.# #####..(≈# #.#
#.# #......≈≈# #.#


You could see a killer bee.

Vanquished Creatures
  A worker ant (D:1)
  An ooze (D:1)
  A dart slug (D:1)
  A leopard gecko (D:1)
  8 bats (D:1)
  2 giant cockroaches (D:1)
  2 goblins (D:1)
  4 hobgoblins (D:1)
  3 frilled lizards (D:1)
  3 kobolds (D:1)
  6 rats (D:1)
32 creatures vanquished.

Notes
Turn   | Place    | Note
-------+----------+-------------------------------------------
     0 | D:1      | M4edhros the Mummy Chaos Knight began the quest for the Orb.
     0 | D:1      | Reached XP level 1. HP: 18/18 MP: 1/1
   173 | D:1      | Reached XP level 2. HP: 24/24 MP: 2/2
   290 | D:1      | XOM: smoke on damage
   291 | D:1      | Reached skill level 3 in Polearms
  1393 | D:1      | Reached XP level 3. HP: 29/29 MP: 3/3
  2241 | D:1      | XOM is BORED!
  2241 | D:1      | XOM: medium Tmut miscast
  2770 | D:1      | XOM: divination: detect creatures
  3173 | D:1      | XOM: mild Fire miscast
  3912 | D:1      | XOM is BORED!
  3912 | D:1      | XOM: noise
  3918 | D:1      | XOM: silly message
  4114 | D:1      | XOM: divination: magic mapping
  4246 | D:1      | XOM is BORED!
  4246 | D:1      | XOM: medium Conj miscast
  5006 | D:1      | XOM is BORED!
  5006 | D:1      | XOM: mild Hex miscast
  5083 | D:1      | XOM: cloud trail
  5806 | D:1      | XOM: divination: magic mapping
  5810 | D:1      | XOM: harmless Fire miscast
  5861 | D:1      | XOM: cloud trail
  5934 | D:1      | XOM: mild Ice miscast
  6091 | D:1      | XOM: harmless Pois miscast
  6138 | D:1      | XOM: divination: detect creatures
  6371 | D:1      | XOM: god gift: metal-bound book {god gift}
  6407 | D:1      | XOM: medium Tloc miscast
  6851 | D:1      | Reached skill level 4 in Polearms
  7008 | D:1      | Noticed a killer bee
  7015 | D:1      | HP: 1/29 [killer bee (8)]
  7015 | D:1      | Slain by a killer bee

Vault maps used:
D:1:      ncdulo_lavacross, moated_statue

Skill      XL: |  1  2  3 |
---------------+----------+-----
Polearms       | 3 4 |  4.0
Fighting       | |  3.0
Armour         | |  1.5
Dodging        | |  0.7

Action                   || total
-------------------------++-------
Melee: Spear             ||   102
 Stab: Distracted        ||     1
Armor: Leather armour    ||    26
Dodge: Dodged            ||    39
